 Dungeon Crawl Stone Soup version 0.30-a0-1161-g0704695555 (webtiles) character file.

Game seed: 3378554010713601272

7912 ytrimaz the Nimble (level 11, 0/67 HPs)
             Began as an Octopode Fighter on Apr 27, 2023.
             Was a Believer of Uskayaw.
             Slain by a meliai
             ... wielding a +0 hand axe
              (5 damage)
             ... on level 10 of the Dungeon.
             The game lasted 00:13:17 (9980 turns).

ytrimaz the Nimble (Octopode Fighter)               Turns: 9980, Time: 00:13:17

Health: 0/67       AC:  1    Str: 15    XL:     11   Next: 22%
Magic:  24/29      EV: 22    Int: 11    God:    Uskayaw [**....]
Gold:   491        SH: 11    Dex: 19    Spells: 10/10 levels left

rFire   . . .        h - +2 demon blade (vamp)
rCold   . . .        b - +0 buckler
rNeg    . . .        (helmet restricted)
rPois   +            F - amulet of reflection
rElec   .            o - ring "Rawniz" {rPois MP+9 Dex+3 Stlth+}
rCorr   +            x - ring of resist corrosion
SInv    .            C - ring of magical power
Will    .....        (no ring)
Stlth   ++++         (no ring)
HPRegen 0.31/turn    (no ring)
MPRegen 0.21/turn    (no ring)
                     (no ring)

%: reflection
@: attractive, studying Shields
A: almost no armour, amphibious, 8 rings, camouflage 1, gelatinous body 1,
(nimble swimmer 1), tentacles
a: Renounce Religion, Stomp, Line Pass


You were on level 10 of the Dungeon.
You worshipped Uskayaw.
Uskayaw was noncommittal.
You visited 2 branches of the dungeon, and saw 11 of its levels.

You collected 491 gold pieces.


Innate Abilities, Weirdness & Mutations

You cannot wear most types of armour.
You are amphibious.
You can wear up to eight rings at the same time.
Your skin changes colour to match your surroundings (Stealth+).
Your rubbery body absorbs attacks. (AC +1, EV +1)
((You are camouflaged when in or above water. (Stealth+)))
You have tentacles for arms and can constrict up to eight enemies at once.


   Skills:
 - Level 3.0 Fighting
 + Level 10.0 Long Blades
 * Level 14.0 Dodging
 - Level 4.0 Shields


You had 10 spell levels left.
You didn't know any spells.
Your spell library contained the following spells:

 Spells                   Type           Power      Damage    Failure   Level
 Foxfire                  Conj/Fire      0%         2x1d4     41%         1
 Tukima's Dance           Hex            0%         N/A       80%         3
 Vhi's Electric Charge    Tloc/Air       0%         N/A       80%         3
 Passage of Golubria      Tloc           0%         N/A       99%         4
 Arcjolt                  Conj/Air       0%         1d10      100%        5
 Fireball                 Conj/Fire      0%         3d3       100%        5
 Yara's Violent Unravell  Hex/Tmut       0%         3d3       100%        5
 Plasma Beam              Fire/Air       0%         2x1d11    100%        6
 Starburst                Conj/Fire      0%         6d3       100%        6

Inventory:

Hand Weapons
 a - a +0 long sword
 h - a +2 vampiric demon blade (weapon)
   (You acquired it on level 3 of the Dungeon)
 G - a +0 short sword
   (You took it off a kobold on level 8 of the Dungeon)
Armour
 b - a +0 buckler (worn)
 i - a +0 kite shield
   (You found it on level 1 of the Dungeon)
Jewellery
 o - the ring "Rawniz" (left tentacle) {rPois MP+9 Dex+3 Stlth+}
   (You acquired it on level 3 of the Dungeon)

   [ring of poison resistance]

   Dex:       It affects your dexterity (+3).
   rPois:     It protects you from poison.
   MP:        It affects your magic capacity (+9).
   Stlth:     It makes you more stealthy.
 v - a ring of wizardry
   (You found it on level 4 of the Dungeon)
 w - a ring of poison resistance
   (You found it on level 6 of the Dungeon)
 x - a ring of resist corrosion (right tentacle)
   (You took it off an orc priest on level 7 of the Dungeon)
 C - a ring of magical power (on tentacle)
   (You found it on level 7 of the Dungeon)
 E - a ring of ice
   (You found it on level 8 of the Dungeon)
 F - an amulet of reflection (around mantle)
   (You took it off a kobold on level 8 of the Dungeon)
 L - a ring of protection from fire
   (You found it on level 9 of the Dungeon)
Wands
 f - a wand of polymorph (15)
   (You took it off Blork the orc on level 5 of the Dungeon)
 m - a wand of mindburst (17)
   (You found it on level 3 of the Dungeon)
 s - a wand of iceblast (16)
   (You found it on level 5 of the Dungeon)
 u - a wand of flame (35) (quivered)
   (You took it off Ijyb on level 4 of the Dungeon)
 y - a wand of charming (19)
   (You found it on level 6 of the Dungeon)
Scrolls
 e - 5 scrolls of teleportation
 j - 2 scrolls of brand weapon
 p - 2 scrolls of amnesia
 q - a scroll of poison
 r - 3 scrolls of silence
 t - a scroll of torment
 H - a scroll of enchant weapon
 I - a scroll of noise
 J - a scroll of immolation
Potions
 c - 2 potions of might
 d - 2 potions of mutation
 g - a potion of haste
 k - a potion of cancellation
 z - a potion of magic
 A - a potion of curing
 B - 2 potions of flight
 D - 2 potions of brilliance

Dungeon Overview and Level Annotations

Branches:
Dungeon (10/15) Zot: 26974  Temple (1/1) D:5 Zot: 5848    Lair (0/5) D:9
    Orc: D:9-12

Altars:
Ashenzari
Cheibriados
Elyvilon
Fedhas
Gozag
Kikubaaqudgha
Makhleb
Nemelex Xobeh
Okawaru
Qazlal
Ru
Sif Muna
Trog
Uskayaw
Vehumet
Wu Jian
Xom
Yredelemnul
Zin
The Shining One

Shops:
D:7 [*[

Annotations:
D:3 4 runed translucent doors, BlasphemerAmon's ghost, amateur GrFi; Scrimshaw's ghost, amateur FoHu

........#######..
.......<.........
##+##............
#8.8##...........
.....##..........
.....8##>........
.......##........
.......8#........
..(...){@y...#+##
.......8#y...#
.......##....#
.....8# .....#
.....# .....#
#8.8# ......#
##+# ......#
.......#


You could see 2 meliai.


Message History

Your hp is fully restored (67).
You block the meliai's attack. x2
A meliai comes into view. It is wielding a +0 hand axe.
The meliai misses you. x2
There is an open door here.
The meliai buzzes angrily.
You hit the meliai. Your grab misses the meliai. You block the meliai's attack.
The meliai barely misses you.
The meliai calls down the wrath of its god upon you.
Something smites you! 😕 HP[-15]
You take 15 damage, and now have 52/67 hp.
MASSIVE DAMAGE!! (PAUSE)
You block the meliai's attack. x2; Something closely misses you.
Things that are here:
a +0 dagger; a +0 robe; an orc corpse; 😕 HP[+1] Unknown command.
You stomp with the beat, sending a shockwave through the revellers around you!
You can no longer pass through a line of other dancers.
You block the meliai's attack. x3; The meliai misses you.
The orc barely misses you. Something completely misses you.
You can now pass through a line of other dancers. 😕 MP[-3]
You lost 3 mp, and now have 26/29 mp.
Unknown command.
You hit the meliai.
You feel better.
You grab the meliai. You constrict the meliai. The meliai barely misses you.
The meliai stings you!
You block the meliai's attack. x2; You block the orc's attack.
Something closely misses you. 😮 HP[-8]
You take 8 damage, and now have 45/67 hp.
You hit the meliai but do no damage.
You constrict the meliai, but do no damage.
You block the meliai's attack. The meliai misses you.
Something closely misses you. The meliai hits you with a +0 hand axe!
You block the meliai's attack. The orc completely misses you. 😮 HP[-6]
You take 6 damage, and now have 39/67 hp.
Unknown command.
You stomp with the beat, sending a shockwave through the revellers around you!
You kill the orc!
You can no longer pass through a line of other dancers.
You constrict the meliai. You block the meliai's attack.
The meliai completely misses you. Something hits you.
The meliai hits you with a +0 hand axe!
* * * LOW HITPOINT WARNING * * *
The meliai misses you. 😨 HP[-12] MP[-3]
You take 12 damage, and now have 27/67 hp.
You lost 3 mp, and now have 23/29 mp.
Unknown command.
You slash the meliai!
You feel better.
You kill the meliai!
The meliai invokes the aid of its god against you.
Something smites you!
* * * LOW HITPOINT WARNING * * *
You can now pass through a line of other dancers.
Your Dodging skill increases to level 14! 😨 HP[-10] MP[+1]
You take 10 damage, and now have 17/67 hp.
A meliai comes into view. It is wielding a +0 falchion.
The meliai buzzes angrily.
You block the meliai's attack. x2; The meliai hits you with a +0 hand axe.
* * * LOW HITPOINT WARNING * * *
You block the meliai's attack.
There is an open door here.
Things that are here:
a +0 hand axe; a +0 robe; 10 gold pieces 😱 HP[-4]
You take 4 damage, and now have 13/67 hp.
Unknown command.
You miss the meliai. Your grab misses the meliai.
Your squeeze misses the meliai. You block the meliai's attack.
The meliai closely misses you. Something hits you.
* * * LOW HITPOINT WARNING * * *
The meliai completely misses you. You block the meliai's attack. 😱 HP[-3]
You take 3 damage, and now have 10/67 hp.
Unknown command.
You feel much better. You block the meliai's attack. The meliai misses you.
You block the meliai's attack. The meliai stings you!
* * * LOW HITPOINT WARNING * * *
You hear some strange, mumbled words.
A magic dart appears from out of thin air!
The magic dart hits you!
* * * LOW HITPOINT WARNING * * *
The meliai hits you with a +0 falchion.
* * * LOW HITPOINT WARNING * * *
The meliai misses you.
The meliai invokes the aid of its god against you.
Something smites you!
* * * LOW HITPOINT WARNING * * *
😱 HP[-5]
You take 5 damage, and now have 5/67 hp.
Unknown command.
Okay, then.
It was a potion of attraction.
You feel attractive to monsters. The meliai misses you. The meliai stings you.
You die...

Skill      XL: |  1  2  3  4  5  6  7  8  9 10 11 |
---------------+----------------------------------+-----
Dodging        | 4 5 6 7 9 11 13 14 | 14.0
Shields        | 4 |  4.0
Long Blades    | 3 4 5 6 8 9 10 | 10.0
Fighting       | |  3.0

Action                     |  1- 3 |  4- 6 |  7- 9 | 10-12 || total
---------------------------+-------+-------+-------+-------++-------
  Melee: Long sword        |    58 |       |       |       ||    58
         Constrict         |     9 |    15 |    39 |    34 ||    97
         Tentacles         |     6 |    11 |    44 |    54 ||   115
         Demon blade       |     4 |    70 |   178 |   224 ||   476
         Punch             |       |       |     2 |     3 ||     5
 Invoke: Stomp             |       |       |       |     3 ||     3
  Evoke: Wand              |       |       |     8 |     2 ||    10
    Use: Scroll            |     8 |     2 |     9 |     6 ||    25
         Potion            |       |     2 |     7 |     2 ||    11
   Stab: Sleeping          |    11 |     9 |    11 |       ||    31
         Paralysed         |       |       |     6 |     8 ||    14
         Distracted        |       |       |       |     1 ||     1
 Armour: Skin              |     3 |     1 |     3 |     4 ||    11
  Dodge: Dodged            |    29 |    45 |   157 |   194 ||   425
  Block: Buckler           |    17 |    15 |    62 |   166 ||   260
         Reflection        |       |       |       |     4 ||     4

Levels and vault maps discovered:
D:1:      lemuel_arrival_room, layout_basic
D:2:      layout_rooms, nicolae_ecumenical_snake_handling,
          minmay_misc_feat_room, supply_closet_lemuel
D:3:      layout_basic, nicolae_yredelemnul_ghost_church, gammafunk_ghost_grave,
          minivault_5, fountainhead
D:4:      layout_basic, uniq_ijyb
D:5:      layout_basic, gammafunk_temple_overflow_elements,
          nicolae_overflow_hidden_temple, minmay_temple_entry_statues_pillars,
          uniq_duvessa, uniq_blork_the_orc
D:6:      layout_basic, gammafunk_temple_overflow_claw, corexii_leaking_fountain
D:7:      layout_loops_corners, serial_shops, nicolae_inconvenience_store,
          nicolae_shop_tiny_glass, nicolae_shop_stone, hangedman_decor_points,
          glass_columns_a, hangedman_decor_peaks_small
D:8:      layout_gridville
D:9:      layout_irregular_city, ashenzari_altar_1,
          grunt_lair_entry_orc_guard_hut, serial_ice, serial_ice_o,
          serial_ice_a, serial_ice_c, serial_ice_e, grunt_decor_one_mirror,
          eino_tiny_chamber
D:10:     lemuel_reptile_caves, layout_irregular_city,
          riverfiend_overflow_shadow_ancestor, orc_0_dummy, dk_noncrumbling_4,
          hangedman_fish_farm, uniq_grum
Temple:   nicolae_temple_bog_church

Notes
Turn   | Place    | Note
-------+----------+-------------------------------------------
     0 | D:1      | ytrimaz the Octopode Fighter began the quest for the Orb.
     0 | D:1      | Reached XP level 1. HP: 16/16 MP: 1/1
     0 | D:1      | magus.rc [v1.9.6]
   228 | D:1      | Reached XP level 2. HP: 21/21 MP: 2/2
   607 | D:1      | You pick up a book of Lightning and begin reading...
   607 | D:1      | You add the spells Vhi's Electric Charge, Arcjolt and
                  | Plasma Beam to your library.
  1179 | D:2      | You fall into a shaft and drop 2 floors!
  1252 | D:4      | Reached XP level 3. HP: 13/26 MP: 3/3
  1397 | D:3      | Found a runed translucent door.
  1398 | D:3      | Noticed Scrimshaw's ghost (amateur FoHu)
  1573 | D:3      | Found a runed translucent gate.
  1573 | D:3      | Found a runed translucent gate.
  1573 | D:3      | Found a runed translucent gate.
  1573 | D:3      | Noticed BlasphemerAmon's ghost (amateur GrFi)
  1575 | D:3      | Found a basalt altar of Yredelemnul.
  1651 | D:3      | Identified 3 scrolls of acquirement
  1692 | D:3      | Acquired a +2 vampiric demon blade
  1696 | D:3      | Acquired the ring "Rawniz" {rPois MP+9 Dex+3 Stlth+}
  1701 | D:3      | Acquired a manual of Shields
  1783 | D:3      | Reached skill level 4 in Dodging
  1783 | D:3      | Reached skill level 4 in Shields
  1783 | D:3      | Reached XP level 4. HP: 27/31 MP: 4/4
  2439 | D:4      | Reached XP level 5. HP: 36/36 MP: 5/5
  2503 | D:4      | Reached skill level 3 in Long Blades
  2644 | D:4      | Noticed Ijyb
  2655 | D:4      | Killed Ijyb
  3211 | D:5      | Entered Level 5 of the Dungeon
  3231 | D:5      | Found an iron altar of Okawaru.
  3330 | D:5      | Noticed a phantom
  3338 | D:5      | Killed a phantom
  3339 | D:5      | Reached skill level 5 in Dodging
  3339 | D:5      | Reached XP level 6. HP: 32/42 MP: 6/6
  3477 | D:5      | Reached skill level 4 in Long Blades
  3489 | D:5      | Reached skill level 6 in Dodging
  3497 | D:5      | Reached XP level 7. HP: 44/46 MP: 7/7
  3508 | D:5      | Noticed Blork the orc
  3542 | D:5      | Noticed Duvessa
  3542 | D:5      | Noticed Dowan
  3558 | D:5      | HP: 11/46 [Duvessa/+0 short sword (3)]
  3559 | D:5      | Killed Duvessa
  3563 | D:5      | HP: 4/46 [Dowan/puff of flame (9)]
  3571 | D:5      | Killed Dowan
  3700 | D:5      | Killed Blork the orc
  3701 | D:5      | Reached skill level 7 in Dodging
  3710 | D:5      | You pick up a book of Fire and begin reading...
  3710 | D:5      | You add the spells Foxfire, Fireball and Starburst to your
                  | library.
  3729 | D:5      | Found a radiant altar of Vehumet.
  3729 | D:5      | Found a glowing golden altar of the Shining One.
  3837 | D:5      | Reached skill level 5 in Long Blades
  4008 | D:5      | Found a staircase to the Ecumenical Temple.
  4409 | Temple   | Entered the Ecumenical Temple
  4537 | Temple   | Became a worshipper of Uskayaw the Reveller
  4660 | D:6      | Reached * piety under Uskayaw
  4672 | D:6      | Reached ** piety under Uskayaw
  4706 | D:6      | Noticed a steam dragon
  4713 | D:6      | Killed a steam dragon
  4714 | D:6      | Reached XP level 8. HP: 34/52 MP: 8/8
  4716 | D:6      | Reached *** piety under Uskayaw
  5035 | D:6      | Reached skill level 8 in Dodging
  5055 | D:6      | Reached **** piety under Uskayaw
  5299 | D:6      | Reached skill level 6 in Long Blades
  5506 | D:6      | Found a white marble altar of Elyvilon.
  5506 | D:6      | Found a snail-covered altar of Cheibriados.
  5507 | D:6      | Found an ornate altar of the Wu Jian Council.
  5797 | D:7      | Found Xigimir's Armour Boutique.
  5813 | D:7      | Reached skill level 9 in Dodging
  5867 | D:7      | You add the spells Tukima's Dance, Passage of Golubria and
                  | Yara's Violent Unravelling to your library.
  5890 | D:7      | Reached XP level 9. HP: 26/56 MP: 9/9
  5906 | D:7      | Reached ***** piety under Uskayaw
  6063 | D:7      | Found Leym's Antique Armour Shoppe.
  6204 | D:7      | Found Joleoxt's Assorted Antiques.
  6260 | D:7      | Reached skill level 10 in Dodging
  6748 | D:7      | Reached skill level 7 in Long Blades
  7011 | D:8      | HP: 11/56 [killer bee (10)]
  7011 | D:8      | HP: 5/56 [killer bee (6)]
  7035 | D:8      | HP: 14/56 [killer bee (6)]
  7665 | D:8      | HP: 3/56 [yak (16)]
  7889 | D:7      | Reached skill level 11 in Dodging
  8188 | D:8      | HP: 11/56 [yak (12)]
  8193 | D:8      | Reached skill level 8 in Long Blades
  8193 | D:8      | Reached XP level 10. HP: 29/63 MP: 10/10
  8703 | D:9      | Reached skill level 12 in Dodging
  8760 | D:9      | magus.rc [v1.9.6]
  8760 | D:9      | magus.rc [v1.9.6]
  8904 | D:9      | Reached ****** piety under Uskayaw
  8905 | D:9      | Reached skill level 9 in Long Blades
  8931 | D:9      | Found a staircase to the Lair.
  9063 | D:9      | Reached skill level 13 in Dodging
  9357 | D:9      | Found a broken altar of Ashenzari.
  9648 | D:9      | Reached XP level 11. HP: 67/67 MP: 11/11
  9691 | D:9      | Noticed a two-headed ogre
  9708 | D:9      | Killed a two-headed ogre
  9865 | D:9      | Reached skill level 10 in Long Blades
  9954 | D:10     | Entered Level 10 of the Dungeon
  9963 | D:10     | Identified a +0 robe of the Archmagi
  9977 | D:10     | Reached skill level 14 in Dodging
  9977 | D:10     | HP: 13/67 [meliai/+0 hand axe (4)]
  9979 | D:10     | HP: 5/67 [meliai/divine providence (11)]
  9980 | D:10     | Slain by a meliai

Vanquished Creatures
  A two-headed ogre (D:9)
  A polar bear (D:9)
  A meliai (D:10)
  15 yaks
  A vampire (D:9)
  A wyvern (D:7)
  2 steam dragons (D:6)
  A water moccasin (D:7)
  Duvessa (D:5)
  2 ice beasts (D:9)
  2 orc warriors (D:9)
  A sky beast (D:7)
  3 black bears
  2 centaurs
  2 ogres (D:5)
  3 wolves (D:9)
  A phantom (D:5)
  Blork the orc (D:5)
  2 kobold brigands
  A scorpion (D:9)
  8 bullfrogs
  4 wights (D:7)
  Dowan (D:5)
  15 killer bees
  5 howler monkeys
  4 jellies
  3 orc priests
  3 sleepcaps
  Ijyb (D:4)
  6 orc wizards
  3 iguanas
  A centaur simulacrum (D:9)
  4 gnolls (D:5)
  3 adders
  3 white imps
  A howler monkey simulacrum (D:9)
  2 ufetubi
  2 adder zombies (D:3)
  3 dart slugs
  25 orcs
  3 ball pythons
  2 bats
  5 endoplasms
  A giant cockroach (D:3)
  5 goblins
  5 hobgoblins
  5 jackals
  3 quokkas
  2 frilled lizards (D:1)
  15 kobolds
  5 rats
192 creatures vanquished.

Vanquished Creatures (others)
  An orc (D:5)
  14 fungi (D:9)
  7 plants (D:9)
22 creatures vanquished.

Grand Total: 214 creatures vanquished

Table legend:
 A = Non-vault XP
 B = Vault XP
 C = Vault XP percentage of total XP
 D = Non-vault monster count
 E = Vault monster count
 F = Vault count percentage of total count
                 A         B        C        D         E       F
            +---------+---------+-------+---------+---------+-------
      Total |    9035 |    2268 |  20.1 |     171 |      21 |  10.9
            +---------+---------+-------+---------+---------+-------
        D:1 |      30 |       0 |   0.0 |      18 |       0 |   0.0
        D:3 |      75 |      11 |  12.8 |      16 |       2 |  11.1
        D:4 |     104 |      36 |  25.7 |      17 |       1 |   5.6
        D:5 |     574 |     318 |  35.7 |      15 |       3 |  16.7
        D:6 |     731 |       0 |   0.0 |      14 |       0 |   0.0
        D:7 |    1706 |       0 |   0.0 |      23 |       0 |   0.0
        D:8 |    1552 |       0 |   0.0 |      27 |       0 |   0.0
        D:9 |    3915 |    1903 |  32.7 |      36 |      15 |  29.4
       D:10 |     348 |       0 |   0.0 |       5 |       0 |   0.0
            +---------+---------+-------+---------+---------+-------

Skill      XL: |  1  2  3  4  5  6  7  8  9 10 11 |
---------------+----------------------------------+-----
Dodging        | 4 5 6 7 9 11 13 14 | 14.0
Shields        | 4 |  4.0
Long Blades    | 3 4 5 6 8 9 10 | 10.0
Fighting       | |  3.0

Action                     |  1- 3 |  4- 6 |  7- 9 | 10-12 || total
---------------------------+-------+-------+-------+-------++-------
  Melee: Long sword        |    58 |       |       |       ||    58
         Constrict         |     9 |    15 |    39 |    34 ||    97
         Tentacles         |     6 |    11 |    44 |    54 ||   115
         Demon blade       |     4 |    70 |   178 |   224 ||   476
         Punch             |       |       |     2 |     3 ||     5
 Invoke: Stomp             |       |       |       |     3 ||     3
  Evoke: Wand              |       |       |     8 |     2 ||    10
    Use: Scroll            |     8 |     2 |     9 |     6 ||    25
         Potion            |       |     2 |     7 |     2 ||    11
   Stab: Sleeping          |    11 |     9 |    11 |       ||    31
         Paralysed         |       |       |     6 |     8 ||    14
         Distracted        |       |       |       |     1 ||     1
 Armour: Skin              |     3 |     1 |     3 |     4 ||    11
  Dodge: Dodged            |    29 |    45 |   157 |   194 ||   425
  Block: Buckler           |    17 |    15 |    62 |   166 ||   260
         Reflection        |       |       |       |     4 ||     4

Illustrated notes

Table legend:
 A = Kills in this place as a percentage of kills in the entire game.
 B = Kills by you in this place as a percentage of kills by you in the entire game.
 C = Kills by friends in this place as a percentage of kills by friends in the entire game.
 D = Other kills in this place as a percentage of other kills in the entire game.
 E = Experience gained in this place as a percentage of experience gained in the entire game.
 F = Experience gained in this place divided by the number of levels of this place that you have seen.
                   A       B       C       D       E      F
               +-------+-------+-------+-------+-------+----------------------
         Total | 100.0 | 100.0 |   N/A |   N/A | 100.0 | 1027.5
       Dungeon | 100.0 | 100.0 |   N/A |   N/A | 100.0 | 1130.3
               +-------+-------+-------+-------+-------+----------------------

Table legend: (Time is in decaauts)
 A = Elapsed time spent in this place.
 B = Non-inter-level travel time spent in this place.
 C = Inter-level travel time spent in this place.
 D = Time resting spent in this place.
 E = Time spent auto-exploring this place.
 F = Levels seen in this place.
 G = Mean time per level.
                   A        B        C        D        E       F      G
               +--------+--------+--------+--------+--------+-----+--------+
         Total |   9993 |   9519 |    474 |    371 |   7403 |  11 |  908.5 |
       Dungeon |   9841 |   9380 |    461 |    371 |   7302 |  10 |  984.1 |
        Temple |    151 |    138 |     13 |      0 |    101 |   1 |  151.0 |
               +--------+--------+--------+--------+--------+-----+--------+

Top non-repeatable levels by time:
     D:7: 1667 daAuts
     D:9: 1430 daAuts
     D:5: 1268 daAuts
     D:1: 1179 daAuts
     D:4: 1115 daAuts
     D:8: 1110 daAuts
     D:6: 1101 daAuts
     D:3: 932 daAuts
  Temple: 151 daAuts
    D:10: 24 daAuts
     D:2: 11 daAuts
